 Dungeon Crawl Stone Soup version 0.30.1-4-g462c640d31 (webtiles) character file.

Game seed: 8941888859353654024

2207 spardeous the Destroyer (level 8, -3/57 HPs)
             Began as a Demigod Conjurer on Sept 1, 2023.
             Slain by Amaemon
             ... wielding a +0 demon whip of venom
              (9 damage)
             ... on level 8 of the Dungeon.
             The game lasted 00:07:42 (7461 turns).

spardeous the Destroyer (Demigod Conjurer)          Turns: 7461, Time: 00:07:43

Health: -3/57      AC:  7    Str:  8    XL:     8   Next: 89%
Magic:  5/23       EV: 10    Int: 37    God:
Gold:   1364       SH:  0    Dex: 12    Spells: 14/21 levels left

rFire   . . .        (no weapon)
rCold   . . .        (no shield)
rNeg    . . .        m - +1 ring mail
rPois   .            r - +1 hat {Int+3}
rElec   .            (no cloak)
rCorr   .            (no gloves)
SInv    .            (no boots)
Will    .....        (no amulet)
Stlth   +            q - +6 ring of intelligence
HPRegen 0.29/turn    (no ring)
MPRegen 0.18/turn

%: no passive effects
@: very slightly contaminated, slowed, very slow
A: high MP 1, forlorn, divine attributes
a: no special abilities


You were on level 8 of the Dungeon.
You visited 1 branch of the dungeon, and saw 7 of its levels.
You also visited: Sewer.

You collected 1364 gold pieces.

Inventory:

Armour
 a - a +0 robe
 m - a +1 ring mail (worn)
 r - a +1 hat of intelligence (worn)
Jewellery
 q - a +6 ring of intelligence (left hand)
Wands
 s - a wand of light (8)
 t - a wand of flame (12)
 w - a wand of roots (1)
Scrolls
 c - 2 scrolls of enchant armour
 d - a scroll of fear
 f - a scroll of immolation
 h - 6 scrolls of teleportation
 j - 2 scrolls of enchant weapon {unknown}
 n - a scroll of silence {unknown}
 o - 2 scrolls of fog {unknown}
 u - a scroll of amnesia {unknown}
Potions
 b - 3 potions of magic
 e - 2 potions of heal wounds {unknown}
 g - 2 potions of might {unknown}
 i - 4 potions of lignification
 k - a potion of brilliance
 l - 2 potions of curing
 p - 7 potions of flight
 x - a potion of berserk rage {unknown}


   Skills:
 - Level 1.7 Dodging
 - Level 1.7 Stealth
 + Level 7.4 Spellcasting
 + Level 8.7 Conjurations


You had 14 spell levels left.
You knew the following spells:

 Your Spells              Type           Power      Damage    Failure   Level
a - Magic Dart            Conj           100%       1d8       1%          1
b - Searing Ray           Conj           100%       2d8       1%          2
c - Iskenderun's Mystic   Conj/Tloc      46%        2d10      14%         4

Your spell library contained the following spells:

 Spells                   Type           Power      Damage    Failure   Level
 Dazzling Flash           Conj/Hex       92%        N/A       4%          3
 Fulminant Prism          Conj/Hex       23%        3d12      14%         4
 Frozen Ramparts          Ice            26%        1d4       26%         3
 Vhi's Electric Charge    Tloc/Air       26%        N/A       26%         3
 Arcjolt                  Conj/Air       23%        1d33      38%         5
 Anguish                  Hex/Necr       6%         N/A       65%         4
 Cause Fear               Hex            6%         N/A       65%         4
 Ice Form                 Ice/Tmut       13%        N/A       65%         4
 Summon Ice Beast         Ice/Summ       13%        N/A       65%         4
 Enfeeble                 Hex            6%         N/A       100%        7
 Maxwell's Capacitive Co  Air            6%         ∞         100%        8


Dungeon Overview and Level Annotations

Branches:
Dungeon (8/15)             Temple (0/1) D:5           Sewer (visited)
   Lair: D:8-11

Shops:
D:3 (=   D:4 !

Annotations:
D:8 Amaemon


Innate Abilities, Weirdness & Mutations

You have an increased reservoir of magic. (+10% MP)
You shall have no god before yourself.
Your divine heritage dramatically boosts your attributes as you level up.


Message History

Confirm with . or Enter, or press ? or * to list all spells.
You erupt in a blast of force!
The mystic blast hits the orange demon!
The orange demon is moderately wounded.
The orange demon is knocked back by the mystic blast.
The orange demon slams into the rock wall!
The orange demon is moderately wounded.
The mystic blast hits Amaemon!
Amaemon is moderately wounded.
Amaemon is knocked back by the mystic blast.
Amaemon collides with the orange demon!
The orange demon is heavily wounded.
Amaemon is moderately wounded.
The mystic blast hits the scorpion!
The scorpion is almost dead.
The scorpion is knocked back by the mystic blast.
* * * LOW HITPOINT WARNING * * *
You feel very sick.
You take 5 damage, and have 4/57 hp.
You now have 8/23 mp.
Unknown command.
Casting: Iskenderun's Mystic Blast (dangerous; 14% risk of failure)
Confirm with . or Enter, or press ? or * to list all spells.
You erupt in a blast of force!
The mystic blast hits the orange demon!
The orange demon is heavily wounded.
The orange demon is knocked back by the mystic blast.
The orange demon slams into the rock wall!
The orange demon is severely wounded.
The mystic blast hits Amaemon.
Amaemon is heavily wounded.
Amaemon is knocked back by the mystic blast.
Amaemon collides with the orange demon!
The orange demon is severely wounded.
* * * LOW HITPOINT WARNING * * *
You feel very sick.
You take 3 damage, and have 1/57 hp.
You now have 5/23 mp.
Unknown command.
You feel better.
The scorpion no longer looks unusually toxic.
The scorpion stings you but does no damage.
Amaemon hits you with a +0 demon whip of venom!
You die...

##.........##.#
.##########.....####.#
..........#######....#
...........##.....####
########.).##.#####
##)#...# ###.#.###
#.....# ##.#@#(#
#..6s#.# #.4#.#.#
#.....## #.##..# #.
#### #. #. #.


You could see Amaemon, an orange demon and a scorpion (summoned).

Vanquished Creatures
  Grinder (D:4)
  Sigmund (D:3)
  A steam dragon (D:7)
  A water moccasin (D:5)
  3 ice beasts
  A black bear (D:5)
  A sky beast (D:7)
  A phantom (D:5)
  2 scorpions
  A bullfrog (D:7)
  5 wights (D:7)
  2 howler monkeys (D:7)
  A jelly (D:5)
  4 hounds
  An orc priest (D:3)
  A sleepcap (D:5)
  3 iguanas
  4 orc wizards
  A gnoll (D:1)
  8 adders
  4 river rats (Sewer)
  A worm (Sewer)
  A dart slug (D:2)
  15 orcs
  9 ball pythons
  8 bats
  6 endoplasms
  7 giant cockroaches
  7 goblins
  8 hobgoblins
  7 jackals (Sewer)
  7 quokkas
  10 kobolds
  6 rats
139 creatures vanquished.

Notes
Turn   | Place    | Note
-------+----------+-------------------------------------------
     0 | D:1      | spardeous the Demigod Conjurer began the quest for the Orb.
     0 | D:1      | Reached XP level 1. HP: 14/14 MP: 5/5
   364 | D:1      | Reached XP level 2. HP: 20/20 MP: 3/7
   409 | D:1      | Reached skill level 4 in Conjurations
  1325 | D:2      | Learned a level 2 spell: Searing Ray
  1330 | D:2      | Reached XP level 3. HP: 26/26 MP: 3/9
  2259 | D:3      | Reached XP level 4. HP: 33/33 MP: 9/11
  2340 | D:3      | Found Jasaqai's Antique Weapon Shoppe.
  2500 | D:3      | Learned a level 4 spell: Iskenderun's Mystic Blast
  2537 | D:3      | Found a glowing drain.
  2583 | Sewer    | Entered a sewer
  2902 | Sewer    | Reached XP level 5. HP: 17/38 MP: 5/13
  2905 | Sewer    | Reached skill level 5 in Conjurations
  3642 | Sewer    | Identified a scroll of acquirement
  3647 | Sewer    | Acquired 930 gold pieces
  3681 | D:3      | Noticed Sigmund
  3693 | D:3      | Killed Sigmund
  3694 | D:3      | Reached XP level 6. HP: 32/45 MP: 3/15
  3791 | D:3      | Found Ohir's Jewellery Emporium.
  3978 | D:4      | Noticed Grinder
  3979 | D:4      | Paralysed by Grinder for 2 turns
  3987 | D:4      | Killed Grinder
  3988 | D:4      | Reached skill level 6 in Conjurations
  4124 | D:4      | Reached skill level 5 in Spellcasting
  4124 | D:4      | Reached XP level 7. HP: 50/50 MP: 9/18
  4230 | D:4      | Found Fuawn's Distillery.
  4887 | D:4      | Found Fuawn's Distillery.
  5011 | D:5      | Entered Level 5 of the Dungeon
  5253 | D:5      | Reached skill level 7 in Conjurations
  5744 | D:5      | Reached XP level 8. HP: 57/57 MP: 11/20
  5823 | D:5      | Found a staircase to the Ecumenical Temple.
  6378 | D:5      | You fall into a shaft and drop 2 floors!
  6495 | D:7      | Reached skill level 8 in Conjurations
  7447 | D:8      | Noticed Amaemon
  7455 | D:8      | Noticed an orange demon
  7460 | D:8      | HP: 1/57 [poisoned by Amaemon]
  7461 | D:8      | Slain by Amaemon

Illustrated notes

Levels and vault maps discovered:
D:1:      roderic_octagonal_star, layout_rooms, hangedman_decor_growths
D:2:      layout_loops_ring, minmay_cut_off
D:3:      layout_rooms, cheibrodos_sewer_entry_drain, serial_shops, shop,
          nicolae_square_shop, chequers_ecumenical_altar_twisty, uniq_sigmund
D:4:      layout_rooms, serial_shops, shop, uniq_grinder
D:5:      layout_layer_cave, kennysheep_mini, minmay_temple_entry_overgrown
D:7:      layout_basic
D:8:      layout_loops_ring, gammafunk_temple_overflow_statue,
          mainiacjoe_overflow_two_lobes, due_lair_maze_entry_diamond,
          uniq_amaemon

Skill      XL: |  1  2  3  4  5  6  7  8 |
---------------+-------------------------+-----
Spellcasting   | 2 3 4 5 6 7 |  7.4
Conjurations   | 4 5 6 7 8 |  8.7
Dodging        | |  1.7
Stealth        | |  1.7

Action                     |  1- 3 |  4- 6 |  7- 9 || total
---------------------------+-------+-------+-------++-------
   Cast: Magic Dart        |    72 |   114 |   120 ||   306
         Searing Ray       |       |     6 |    19 ||    25
         Iskenderun's Myst |       |       |     2 ||     2
    Use: Scroll            |       |     5 |     4 ||     9
         Potion            |       |       |     1 ||     1
 Armour: Ring mail         |       |    15 |    28 ||    43
         Robe              |       |     1 |       ||     1
  Dodge: Dodged            |     4 |    30 |    34 ||    68
